 Dungeon Crawl Stone Soup version 0.24.0-37-gcf1ca852f1 (webtiles) character file.

Game seed: 16672776292106953620, levelgen mode: deterministic

27 Amplified the Magician (level 3, -2/23 HPs)
             Began as an Octopode Wizard on Dec 3, 2019.
             Slain by an adder (3 damage)
             ... on level 3 of the Dungeon.
             The game lasted 00:02:57 (1243 turns).

Amplified the Magician (Octopode Wizard)            Turns: 1243, Time: 00:02:58

Health: -2/23      AC:  1    Str:  6    XL:     3   Next: 10%
Magic:  2/7        EV: 13    Int: 21    God:
Gold:   34         SH:  0    Dex: 10    Spells: 1/8 levels left

rFire    . . .     SeeInvis .   e - +0 short sword
rCold    . . .     Gourm    .   (no shield)
rNeg     . . .     Faith    .   a - +0 hat
rPois    .         Spirit   .   (no amulet)
rElec    .         Reflect  .   (no ring)
rCorr    .         Harm     .   (no ring)
MR       .....                  (no ring)
Stlth    +++.......             (no ring)
HPRegen  0.07/turn              (no ring)
MPRegen  0.10/turn              (no ring)
                                (no ring)
                                (no ring)

@: lethally poisoned (-2 -> -4), very slightly contaminated
A: almost no armour, stealthy swim, amphibious, 8 rings, constrict 8, camouflage
1, gelatinous body 1
a: no special abilities


You were on level 3 of the Dungeon.
You were very hungry.

You visited 1 branch of the dungeon, and saw 3 of its levels.

You collected 34 gold pieces.

Inventory:

Hand Weapons
 b - a +0 falchion of holy wrath
 e - a +0 short sword (weapon)
 g - a +0 whip
Missiles
 j - 11 poisoned darts (quivered)
Armour
 a - a +0 hat (worn)
Scrolls
 h - a scroll of remove curse
 i - a scroll of immolation
 n - a scroll of amnesia
Comestibles
 c - 3 rations


   Skills:
 * Level 1.3 Fighting
 - Level 2.0 Dodging
 - Level 2.6 Stealth
 * Level 3.3 Spellcasting
 * Level 1.8 Conjurations
 - Level 1.0 Summonings
 - Level 1.0 Translocations


You had one spell level left.
You knew the following spells:

 Your Spells              Type           Power        Failure   Level  Hunger
a - Magic Dart            Conj           ##..         6%          1    None
b - Blink                 Tloc           N/A          13%         2    ##.....
c - Call Imp              Summ           #.......     13%         2    ##.....
d - Slow                  Hex            #.......     19%         2    ##.....

Your spell library contained the following spells:

 Spells                   Type           Power        Failure   Level  Hunger
 Conjure Flame            Conj/Fire      #.......     26%         3    ###....
 Mephitic Cloud           Conj/Pois/Air  #.......     30%         3    ###....


Dungeon Overview and Level Annotations

Branches:
Dungeon (3/15)

Altars:


Innate Abilities, Weirdness & Mutations

You cannot wear most types of armour.
You are very stealthy in the water. (Stealth+)
You are amphibious.
You can wear up to eight rings at the same time.
You can use your tentacles to constrict eight enemies at once.
Your skin changes colour to match your surroundings (Stealth+).
Your rubbery body absorbs attacks. (AC +1, EV +1)


Message History

The adder is moderately wounded.
* * * LOW HITPOINT WARNING * * *
You feel sick.
The adder looks more healthy.
The adder misses you.
You barely miss the adder. Your grab misses the adder.
The adder is moderately wounded.
The adder misses you. The adder closely misses you.
Casting: Slow (safe; 19% risk of failure)
Confirm with . or Enter, or press ? or * to list all spells.
You don't have enough magic to cast that spell.
You barely miss the adder. Your grab misses the adder.
The adder is moderately wounded.
The adder barely misses you.
You closely miss the adder. Your grab misses the adder.
The adder is moderately wounded.
The adder barely misses you.
You closely miss the adder. Your grab misses the adder.
The adder is moderately wounded.
* * * LOW HITPOINT WARNING * * *
You feel sick. The adder bites you.
You die...

#.###+##
#####+#.#+
#......#
.. #.....#
.. #..(..#
#....(#
#.....#
#.....#
#.S.>.#
#@....#
#.....#
#.....#
####.##
#... #..##
#(.# ..#


You could see an adder.

Vanquished Creatures
  2 dart slugs (D:1)
  3 bats (D:1)
  A giant cockroach (D:1)
  3 goblins (D:1)
  6 hobgoblins (D:1)
  A kobold (D:1)
  5 frilled lizards
21 creatures vanquished.

Notes
Turn   | Place    | Note
-------+----------+-------------------------------------------
     0 | D:1      | Amplified the Octopode Wizard began the quest for the Orb.
     0 | D:1      | Reached XP level 1. HP: 11/11 MP: 4/4
   279 | D:1      | Reached XP level 2. HP: 18/18 MP: 6/6
   287 | D:1      | Learned a level 2 spell: Blink
   290 | D:1      | Learned a level 2 spell: Call Imp
   293 | D:1      | Learned a level 2 spell: Slow
   313 | D:1      | Reached skill level 1 in Fighting
   564 | D:1      | Reached XP level 3. HP: 23/23 MP: 7/7
  1239 | D:3      | HP: 1/23 [poisoned by an adder]
  1243 | D:3      | Slain by an adder

Levels and vault maps discovered:
D:1:      minmay_arrival_four_loops, layout_loops_corners, minmay_pentomino_p2
D:2:      layout_rooms
D:3:      layout_basic, hellmonk_ghost_happy_afterlife

Skill      XL: |  1  2 |
---------------+-------+-----
Fighting       | 1 |  1.3
Dodging        | |  2.0
Stealth        | |  2.6
Spellcasting   | |  3.3
Conjurations   | |  1.8
Summonings     | |  1.0
Translocations | |  1.0

Action                   || total
-------------------------++-------
Melee: Short sword       ||    49
       Unarmed           ||     3
       Constrict         ||    10
       Tentacles         ||     3
Throw: Dart              ||     3
 Cast: Magic Dart        ||     8
       Blink             ||     4
       Slow              ||     2
  Use: Scroll            ||     7
       Potion            ||     2
 Stab: Sleeping          ||     8
Armor: Skin              ||    10
Dodge: Dodged            ||    53
